 Dungeon Crawl Stone Soup version 0.24.0-123-gd5b16e6ec5 (webtiles) character file.

Game seed: 10269635928637007028, levelgen mode: deterministic

702 Bluestream the Chopper (level 7, -3/68 HPs)
             Began as a Deep Dwarf Fighter on Feb 4, 2020.
             Slain by an ogre
             ... wielding a +0 giant spiked club
              (11 damage)
             ... on level 5 of the Dungeon.
             The game lasted 00:05:48 (3379 turns).

Bluestream the Chopper (Deep Dwarf Fighter)         Turns: 3379, Time: 00:05:49

Health: -3/68      AC:  8    Str: 21    XL:     7   Next: 39%
Magic:  3/3        EV:  7    Int:  9    God:
Gold:   215        SH:  9    Dex: 12    Spells: 6/6 levels left

rFire    + . .     SeeInvis .   a - +0 war axe
rCold    x . .     Gourm    .   c - +0 shield
rNeg     . . .     Faith    .   b - +0 scale mail
rPois    .         Spirit   .   (no helmet)
rElec    .         Reflect  .   (no cloak)
rCorr    .         Harm     .   (no gloves)
MR       +....                  p - +0 pair of boots
Stlth    ..........             (no amulet)
HPRegen  0.00/turn              h - ring of fire
MPRegen  0.08/turn              (no ring)

@: non-regenerating
A: damage resistance, heal wounds, sense surroundings 1, no regeneration
a: Heal Wounds


You were on level 5 of the Dungeon.
You were hungry.

You visited 2 branches of the dungeon, and saw 6 of its levels.

You collected 215 gold pieces.

Inventory:

Hand Weapons
 a - a +0 war axe (weapon)
Armour
 b - a +0 scale mail (worn)
 c - a +0 shield (worn)
 p - a +0 pair of boots (worn)
Jewellery
 h - a ring of fire (left hand)
Wands
 q - a wand of flame (9)
Scrolls
 e - a scroll of fog {unknown}
 g - 4 scrolls of remove curse {unknown}
 i - a scroll of teleportation {unknown}
 j - 3 scrolls of identify {unknown}
 k - a scroll of noise {unknown}
 r - a scroll of enchant weapon {unknown}
 s - a scroll of enchant armour {unknown}
Potions
 d - 2 potions of might
 l - 4 potions of curing
 m - 2 potions of heal wounds
 n - a potion of cancellation {unknown}
 o - a potion of flight {unknown}
 t - a potion of berserk rage {unknown}
 u - 3 potions of agility {unknown}
Comestibles
 f - 4 rations


   Skills:
 + Level 5.9 Fighting
 + Level 6.6 Axes
 - Level 3.2 Armour
 - Level 3.2 Shields


You had 6 spell levels left.
You didn't know any spells.
Your spell library was empty.

Dungeon Overview and Level Annotations

Branches:
Dungeon (5/15)             Temple (1/1) D:4

Altars:
Ashenzari
Cheibriados
Dithmenos
Elyvilon
Kikubaaqudgha
Okawaru
Qazlal
Trog
Wu Jian
Xom
Zin

Shops:
D:4 }(

Annotations:
D:5 Duvessa


Innate Abilities, Weirdness & Mutations

You are resistant to damage.
You can heal yourself by infusing magical energy.
You passively map a small area around you.
You do not regenerate.


Message History

You block the ogre's attack. Duvessa barely misses you.
You hit Duvessa but do no damage. You barely miss the ogre.
You block Duvessa's attack.
The ogre hits you with a +0 giant spiked club!
Duvessa hits you but does no damage.
You barely miss Duvessa.
Your shield prevents you from hitting the ogre.
Duvessa barely misses you.
The ogre hits you with a +0 giant spiked club.
Duvessa hits you with a +0 short sword.
You slash Duvessa!
Duvessa is moderately wounded.
You hit the ogre. Duvessa hits you but does no damage.
The ogre hits you but does no damage. You block Duvessa's attack.
You hit Duvessa but do no damage.
Duvessa is moderately wounded.
You slash the ogre! Duvessa hits you with a +0 short sword!
* * * LOW HITPOINT WARNING * * *
The ogre hits you with a +0 giant spiked club!
You die...

, #. , ..#., ## .#
, ,* ..... , .###..
, , .....####......
* ,
,.........)..... *
* #?.#....... ,
##.....O.# *
*##.....@e.##.# ,
.............# ,
.##...#..##..#
#........#..## ,
...#......#... ##
..........#.# .# ,
............###.###
..#.........##..>.#
# #...............#


You could see Duvessa (berserk) and an ogre.

Vanquished Creatures
  A phantom (D:4)
  A scorpion (D:4)
  Dowan (D:5)
  A howler monkey (D:4)
  A hound (D:4)
  A bullfrog skeleton (D:4)
  An orc priest (D:2)
  An orc wizard (D:2)
  A centaur skeleton (D:4)
  Natasha (thrice) (D:3)
  A hound skeleton (D:4)
  6 adders
  9 gnolls
  An adder skeleton (D:4)
  4 worms
  3 dart slugs
  3 leopard geckos
  6 orcs
  3 ball pythons (D:1)
  5 giant cockroaches
  6 goblins
  5 hobgoblins
  10 jackals
  8 kobolds
  A quokka (D:2)
  12 bats
  A frilled lizard (D:1)
  7 rats
103 creatures vanquished.

Notes
Turn   | Place    | Note
-------+----------+-------------------------------------------
     0 | D:1      | Bluestream the Deep Dwarf Fighter began the quest for the
                  | Orb.
     0 | D:1      | Reached XP level 1. HP: 20/20 MP: 1/1
    72 | D:1      | Reached XP level 2. HP: 28/28 MP: 2/2
   117 | D:1      | Reached skill level 3 in Axes
   212 | D:1      | Reached XP level 3. HP: 31/34 MP: 3/3
   960 | D:2      | Reached XP level 4. HP: 27/44 MP: 4/4
  1070 | D:2      | Reached skill level 4 in Axes
  1380 | D:2      | Reached XP level 5. HP: 37/50 MP: 5/5
  1392 | D:2      | HP: 2/51 [orc/+0 war axe (1)]
  1748 | D:3      | Noticed Natasha
  1761 | D:3      | Killed Natasha
  1774 | D:3      | Noticed Natasha
  1780 | D:3      | Killed Natasha
  1780 | D:3      | Reached skill level 5 in Axes
  1854 | D:3      | Noticed Natasha
  1865 | D:3      | Killed Natasha
  1865 | D:3      | Reached XP level 6. HP: 28/58 MP: 4/4
  2314 | D:4      | Found a staircase to the Ecumenical Temple.
  2334 | Temple   | Entered the Ecumenical Temple
  2587 | D:4      | Reached skill level 5 in Fighting
  2714 | D:4      | Reached skill level 6 in Axes
  2747 | D:4      | Reached XP level 7. HP: 39/67 MP: 3/3
  3132 | D:4      | Found Turawuat's Weapon Shop.
  3134 | D:4      | Found Barud's Gadget Shoppe.
  3343 | D:5      | Entered Level 5 of the Dungeon
  3366 | D:5      | Noticed Duvessa
  3366 | D:5      | Noticed Dowan
  3373 | D:5      | Killed Dowan
  3379 | D:5      | Slain by an ogre

Levels and vault maps discovered:
D:1:      sevenhm_arrival_forest_fort_large_2, layout_basic,
          grunt_decor_one_mirror
D:2:      layout_rooms, first_ration
D:3:      layout_basic, serial_forest, infiniplex_forest_zigzag_1,
          infiniplex_forest_clump_double, infiniplex_forest_clump_medium,
          infiniplex_forest_clump_tiny, minmay_bisected, uniq_natasha
D:4:      layout_cave_pools, temple_pool_b, serial_shops, shop,
          nicolae_shop_statue_plus, minmay_fractal_squares_5
D:5:      layout_rooms, demons_altar, uniq_duvessa
Temple:   minmay_temple_curvy_loop

Skill      XL: |  1  2  3  4  5  6 |
---------------+-------------------+-----
Fighting       | 3 4 5 |  5.9
Axes           | 3 4 5 6 |  6.6
Armour         | |  3.2
Shields        | |  3.2

Action                   |  1- 3 |  4- 6 |  7- 9 || total
-------------------------+-------+-------+-------++-------
Melee: War axe           |   122 |   215 |    52 ||   389
 Abil: Heal Wounds       |       |     9 |     2 ||    11
  Eat: Chunk             |       |     7 |     1 ||     8
Armor: Scale mail        |    72 |   100 |    33 ||   205
Dodge: Dodged            |    64 |    89 |    26 ||   179
Block: Shield            |   100 |   124 |    39 ||   263
